cohdb
Replays
Latest Replays
All Replays
Popular Replays
Top Player Replays
Match Explorer
How It Works
Community
CoH3 Stats
Reddit
Sign in to upload your games and track your stats! →
Sign in with Steam
Match 38611058
Unlisted
Match 38611058
Overview
Messages
Build Orders
End
Construct Infanterie Kompanie
Selects Luftwaffe Battlegroup
Selects Luftwaffe Pioneer Support
Fallschirmpioneer Squad Paradrop
Grenadier Squad
MG 42 Machine Gun Team
MG 42 Machine Gun Team
Selects Stuka Strafing Run
GrW 34 Mortar Team
Construct Panzergrenadier Kompanie
251 Medium Carrier
Pak 40 Anti-tank Gun Team
251 Medium Carrier
Selects Fallschirmjäger Squad Paradrop
Panzergrenadier Squad
Fallschirmjäger Squad Paradrop
Construct Panzer Kompanie
Stuka Strafing Run
Selects Stuka Loiter
Sturmpanzer IV Brummbär
Stuka Strafing Run
Stuka Loiter
Fallschirmpioneer Squad Paradrop
Stuka Strafing Run
Panzer IV Medium Tank
Stuka Strafing Run
Panzer IV Medium Tank
Stuka Loiter
Side Skirts
Stuka Strafing Run
Panzer IV Medium Tank
Panzer IV Medium Tank
MADE.IN.IRAQ
DeluxeX
Genki
TrashFantastic
0
0
Comments
sign in to comment!
No comments posted yet!